AoeStats
← pappery

Pilgrims

508991820Analyzed
4v4 RM · 8d ago on Sep 25, 2026· 59m 42s· 8 players
Game mode
Random Map
Map size
Large (8 player)
Population
200
Speed
Normal
Resources
Standard
Victory
Conquest
Starting age
Dark Age
Ending age
Imperial Age
RankedLock teamsTeams togetherTeam positionsShared explorationLock speedFull tech treeHidden civsTurbo modeCheats
Victory
Defeat
🇷🇺 Italians · Russia
960
+9
🇨🇳 Vikings · China
951
+10
🇳🇱 Teutons · Netherlands
902
+12
🇨🇳 Spanish · China
902
+12
🇨🇦 Saxons · Canada
888
-13
🇺🇸 Varangians · United States
862
-13
🇺🇸 Maya · United States
809
-11
🇨🇦 Franks · Canada
667
-14
Big papi Nelis
12:09 Feudal Age
12:54 Gold Mining
14:00 Double-Bit Axe
22:32 Wheelbarrow
24:33 Castle Age
25:59 Wheelbarrow
27:43 Hand Cart
27:36 Stone Mining
28:30 Horse Collar
31:25 Imperial Age
29:10 Hand Cart
30:52 Heavy Plow
33:22 Conscription
33:11 Scale Mail Armor
33:22 Forging
33:27 Siege Engineers
35:27 Stone Shaft Mining
36:32 Bow Saw
37:24 Chain Mail Armor
37:56 Iron Casting
40:34 Chemistry
39:10 Elite Teutonic Knight
40:12 Ironclad
41:52 Crenellations
42:05 Plate Mail Armor
42:36 Blast Furnace
45:02 Fletching
46:30 Bodkin Arrow
48:05 Ballistics
48:45 Chemistry
47:58 Masonry
47:24 Elite Skirmisher
49:16 Caravan
51:38 Padded Archer Armor
高老头子
7:29 Loom
13:01 Feudal Age
13:26 Fishing Lines
14:00 Double-Bit Axe
17:04 Fletching
17:25 Forging
23:11 Castle Age
22:25 Gold Mining
24:46 Bow Saw
26:16 Pikeman
26:56 Squires
27:15 Scale Mail Armor
Cairo
4:01 Loom
13:41 Feudal Age
15:20 Double-Bit Axe
16:56 Fishing Lines
18:42 Town Watch
23:32 Castle Age
21:59 Fletching
22:10 Padded Archer Armor
22:29 Padded Archer Armor
23:32 Gold Mining
30:29 Ballistics
29:32 Elite Skirmisher
36:30 Imperial Age
42:01 Wheelbarrow
44:08 Chemistry
46:57 Bodkin Arrow
47:18 Leather Archer Armor
48:25 Treadmill Crane
48:40 Murder Holes
49:40 Silk Road
54:10 Bracer
55:14 Ring Archer Armor
59:56 Careening
59:56 Clinker Construction
59:53 Siphons
S个帅哥
15:05 Feudal Age
17:59 Stone Mining
18:01 Gold Mining
23:25 Castle Age
21:13 Loom
25:28 Double-Bit Axe
26:40 Bloodlines
26:31 Husbandry
27:04 Bow Saw
27:37 Stone Shaft Mining
31:39 Fletching
31:50 Padded Archer Armor
32:01 Forging
31:57 Scale Barding Armor
32:00 Horse Collar
33:24 Bodkin Arrow
36:35 Leather Archer Armor
36:56 Iron Casting
36:42 Chain Barding Armor
39:10 Heavy Plow
43:08 Imperial Age
41:26 Wheelbarrow
43:19 Elite Conquistador
44:20 Conscription
45:11 Hand Cart
44:41 Town Watch
45:59 Chemistry
45:00 Murder Holes
45:24 Light Cavalry
46:36 Caravan
47:22 Ballistics
47:46 Fortified Wall
48:11 Ring Archer Armor
47:41 Bracer
48:42 Blast Furnace
48:29 Plate Barding Armor
49:02 Bombard Tower
53:33 Hoardings
52:26 Hussar
53:01 Guard Tower
53:21 Masonry
53:21 Scale Mail Armor
55:36 Chain Mail Armor
58:13 Cavalier
Mega Chad
4:50 Loom
10:42 Feudal Age
11:19 Fishing Lines
25:36 Castle Age
26:20 Crossbowman
27:06 Thumb Ring
27:30 Gold Mining
27:32 Stone Mining
27:32 Double-Bit Axe
28:26 Wheelbarrow
27:56 Fletching
28:08 Padded Archer Armor
28:54 Bow Saw
33:36 Ballistics
33:12 Murder Holes
37:23 Imperial Age
39:08 Hand Cart
38:39 Town Watch
39:40 Stone Shaft Mining
40:09 Conscription
39:09 Elite Plumed Archer
40:15 Forging
40:04 Bodkin Arrow
40:24 Leather Archer Armor
40:46 Gillnets
44:22 Bracer
44:52 Ring Archer Armor
50:20 Chemistry
55:44 Arbalester
55:51 Elite Skirmisher
56:38 Hul'che Javelineers
TheGryph
10:40 Feudal Age
8:56 Loom
11:39 Double-Bit Axe
11:57 Horse Collar
14:04 Forging
14:00 Scale Barding Armor
19:32 Castle Age
19:45 Fletching
19:57 Padded Archer Armor
22:42 Bodkin Arrow
23:04 Leather Archer Armor
23:13 Chain Barding Armor
22:53 Scale Mail Armor
23:07 Bloodlines
22:58 Husbandry
26:23 Wheelbarrow
27:47 Iron Casting
32:53 Heavy Plow
32:47 Stone Mining
32:48 Gold Mining
33:58 Hand Cart
40:51 Imperial Age
38:29 Vendel Legacy
39:40 Town Watch
44:31 Elite Jarl
45:35 Conscription
46:37 Blast Furnace
46:13 Plate Barding Armor
45:39 Bracer
46:10 Ring Archer Armor
48:10 Caravan
53:02 Caravan
o k
9:12 Loom
11:02 Feudal Age
17:01 Man-at-Arms
23:08 Arson
25:26 Castle Age
25:07 Fletching
25:29 Scale Mail Armor
28:46 Crossbowman
30:31 Bodkin Arrow
34:04 Double-Bit Axe
55:19 Squires
55:28 Elite Skirmisher
pappery
9:19 Loom
12:06 Feudal Age
12:45 Double-Bit Axe
14:20 Stone Mining
26:09 Wheelbarrow
26:34 Gold Mining
31:17 Castle Age
34:46 Husbandry
34:53 Scale Mail Armor
34:58 Scale Barding Armor
35:05 Forging
35:47 Hand Cart
41:19 Imperial Age
40:07 Town Watch
41:37 Cavalier
42:54 Chain Barding Armor
42:49 Chain Mail Armor
43:10 Iron Casting
43:00 Paladin
46:18 Paladin
52:52 Plate Barding Armor
Connection lost

Rejoining the realm…

Still unreachable

The connection could not be restored.

Session expired

The server has moved on; the page needs a fresh start.